Map: Romanticide LE

Players

DPGZest (Zest)

  • Race: Protoss Protoss
  • Spawn Location: 11:00

TIME (Oliveira) - Winner!

  • Race: Terran Terran
  • League: Master
  • Spawn Location: 5:00

VOD

Have the link to the VOD?

Description

Time

  • Played on: March 23, 2021, 8:02 a.m.
  • Length: 8:03
Show
View Real Time Build Order
Export as new Build Order

DPGZest Protoss 

Build Orders: 1 Gate Expand 

Get SALT Encoding   

  12  0:00  Probe  
  13  0:12  Probe  
  14  0:17  Pylon  
  14  0:24  Probe  
  15  0:35  Gateway  
  15  0:36  Probe  
  16  0:48  Probe  
  17  1:07  Nexus  
  17  1:12  Assimilator  
  18  1:22  Cybernetics Core  
  18  1:25  Probe  
  18  1:32  Pylon  
  18  1:37  Probe  
  19  1:49  Warp Gate (Chrono Boost), Probe  
  19  1:50  Gateway  
  20  2:02  Probe  
  20  2:04  Adept (Chrono Boost)  
  23  2:14  Probe  
  24  2:19  Gateway, Probe  
  25  2:24  Adept (Chrono Boost)  
  27  2:30  Probe  
  27  2:32  Probe  
  28  2:42  Probe  
  29  2:44  Probe  
  29  2:51  Assimilator  
  30  2:54  Probe  
  30  2:56  Probe  
  32  3:08  Probe (Chrono Boost)  
  32  3:10  Pylon, Probe (Chrono Boost)  
  34  3:16  Adept x3  
  34  3:19  Probe (Chrono Boost)  
  42  3:22  Probe (Chrono Boost)  
  42  3:24  Probe (Chrono Boost)  
  43  3:30  Probe  
  44  3:34  Probe  
  45  3:42  Twilight Council, Probe  
  45  3:44  Forge  
  45  3:47  Probe  
  47  3:55  Probe  
  48  3:56  Robotics Facility  
  48  3:59  Pylon  
  48  4:01  Assimilator  
  48  4:02  Probe  
  49  4:03  Protoss Ground Weapons Level 1 (Chrono Boost)  
  49  4:09  Probe  
  50  4:12  Pylon  
  50  4:14  Probe  
  50  4:15  Resonating Glaives (Chrono Boost), Shield Battery  
  51  4:23  Gateway  
  51  4:24  Gateway  
  51  4:31  Pylon  
  51  4:33  Shield Battery  
  51  4:40  Gateway, Warp Prism (Chrono Boost)  
  53  4:56  Adept  
  53  4:57  Adept x2  
  59  5:01  Pylon  
  59  5:11  Observer  
  60  5:22  Adept x5  
  60  5:23  Pylon  
  70  5:42  Adept x3  
  72  5:43  Adept x3  
  72  5:46  Pylon  
  62  6:12  Adept x6  
  62  6:14  Nexus  
  62  6:31  Observer  
  56  6:37  Adept  
  56  6:38  Adept x5  
  62  6:40  Probe x2  
  62  6:43  Dark Shrine  
  64  6:52  Probe  
  65  7:02  Adept x6  
  54  7:27  Probe x2  
  56  7:30  Assimilator  
  56  7:33  Sentry  
  56  7:34  Adept x5  
  56  7:36  Probe  
  69  7:37  Pylon  
  69  7:39  Probe x2  
  71  7:57  Adept x4  
Show
View Real Time Build Order
Export as new Build Order

TIME Terran - Winner!

Build Orders: Reaper Expand 

Get SALT Encoding   

  12  0:00  SCV  
  13  0:12  SCV  
  14  0:17  Supply Depot  
  14  0:24  SCV  
  15  0:39  SCV  
  15  0:41  Barracks  
  16  0:44  Refinery  
  16  0:51  SCV  
  17  1:03  SCV  
  18  1:15  SCV  
  19  1:28  Orbital Command, Reaper  
  20  1:39  Command Center  
  20  1:48  Supply Depot  
  20  1:54  SCV  
  20  2:00  Marine  
  22  2:07  SCV  
  23  2:08  Factory  
  23  2:15  Bunker  
  23  2:19  SCV  
  23  2:21  Refinery  
  24  2:24  Barracks Reactor  
  24  2:31  SCV  
  25  2:43  SCV  
  25  2:52  Factory Tech Lab, Barracks  
  25  2:53  Orbital Command  
  25  2:55  SCV  
  26  3:01  Marine x2  
  28  3:07  SCV  
  28  3:10  Siege Tank  
  32  3:14  Bunker  
  32  3:19  Marine x2, SCV  
  35  3:20  SCV  
  36  3:32  SCV  
  36  3:33  SCV  
  35  3:34  Supply Depot  
  35  3:37  Marine  
  36  3:41  Barracks Tech Lab  
  36  3:42  Siege Tank  
  36  3:44  SCV  
  40  3:50  SCV  
  41  3:56  SCV  
  41  3:57  Marine x2  
  41  4:02  SCV  
  45  4:04  Marine, Stimpack  
  45  4:08  SCV  
  47  4:10  Supply Depot  
  47  4:14  SCV, Marine  
  47  4:16  Starport  
  49  4:19  Marine  
  49  4:20  SCV  
  51  4:24  Engineering Bay  
  51  4:27  Refinery  
  51  4:28  SCV  
  52  4:32  SCV  
  52  4:37  Marine  
  52  4:38  Marine  
  55  4:40  SCV  
  55  4:43  Marine, Barracks  
  55  4:44  SCV  
  58  4:50  Supply Depot  
  58  4:51  Terran Infantry Weapons Level 1  
  58  4:52  SCV  
  59  4:53  Starport Reactor  
  59  4:54  Factory Reactor  
  59  4:58  Supply Depot  
  59  5:00  SCV  
  59  5:01  Marine  
  59  5:02  Marine  
  62  5:12  SCV x2, Marauder  
  62  5:13  Supply Depot  
  66  5:19  Marine  
  66  5:20  Marine, Refinery  
  68  5:24  SCV x2  
  70  5:30  Marauder, Combat Shield  
  70  5:33  Marauder  
  74  5:36  Supply Depot  
  74  5:37  Medivac  
  74  5:38  Medivac  
  74  5:40  SCV  
  74  5:41  SCV  
  80  5:43  Marine  
  80  5:44  Marine  
  80  5:47  Widow Mine  
  80  5:49  Widow Mine  
  86  5:50  Concussive Shells  
  80  6:01  Marine  
  80  6:02  Marine, Marauder  
  77  6:05  Marine  
  77  6:09  Medivac  
  77  6:10  SCV  
  75  6:12  SCV  
  76  6:23  Marine  
  76  6:24  Marauder  
  69  6:27  Widow Mine  
  69  6:30  Marine  
  69  6:31  Marauder  
  68  6:37  SCV  
  64  6:41  Marine, SCV  
  64  6:43  Widow Mine  
  64  6:45  Marauder  
  70  6:48  Viking  
  70  6:50  SCV  
  70  6:52  Marine  
  70  6:53  SCV  
  75  6:58  Widow Mine  
  75  7:00  Medivac  
  79  7:02  Marine  
  79  7:06  Marauder  
  82  7:11  Marine  
  82  7:12  Marauder  
  82  7:16  SCV  
  82  7:20  Marine  
  77  7:23  Widow Mine  
  77  7:27  Marauder  
  77  7:29  Marine  
  82  7:30  Medivac  
  82  7:31  Widow Mine  
  82  7:32  SCV x2  
  82  7:33  Marine  
  82  7:35  Supply Depot  
  89  7:42  Marine  
  90  7:45  SCV x2  
Tags
 
Add a new tag
Caveats
  • Supply blocks, unpowered buildings, or Contaminate may cause inaccurate times.
  • Supply counts are checked every 10 seconds.